 Dungeon Crawl Stone Soup version 0.26.1-11-gd32895ea62 (webtiles) character file.

Game seed: 12468746077746581613

8458 Almogavar the Carver (level 11, -9/135 HPs)
             Began as a Barachi Berserker on May 4, 2021.
             Was a High Priest of Trog.
             Mangled by a white ugly thing (17 damage)
             ... on level 9 of the Dungeon.
             The game lasted 00:37:55 (13068 turns).

Almogavar the Carver (Barachi Berserker)           Turns: 13068, Time: 00:37:56

Health: -9/135     AC: 17    Str: 22    XL:     11   Next: 31%
Magic:  11/11      EV: 14    Int: 11    God:    Trog [*****.]
Gold:   421        SH:  5    Dex: 14    Spells: 10/10 levels left

rFire    . . .     SeeInvis .   b - +4 long sword
rCold    . . .     Faith    .   (no shield)
rNeg     + . .     Spirit   .   z - +1 plate armour of Forking Paths {rPois Will+}
rPois    +         Reflect  +   (no helmet)
rElec    .         Harm     .   w - +0 cloak
rCorr    .         Rampage  .   (no gloves)
Will     +++..                  c - +0 pair of boots
Stlth    ..........             x - amulet "Plog" {Reflect rPois Will+ SH+5}
HPRegen  0.32/turn              E - ring "Niampof" {rPois rN+ Will+ Int+4 Dex+2}
MPRegen  0.12/turn              y - +4 ring of evasion

@: berserking, very quick
A: +LOS, swims, slowness 1, strong legs 1
a: Hop, Renounce Religion, Berserk, Trog's Hand, Brothers in Arms


You were on level 9 of the Dungeon.
You worshipped Trog.
Trog was extremely pleased with you.
You visited 1 branch of the dungeon, and saw 9 of its levels.
You also visited: Bailey.

You collected 421 gold pieces.

Inventory:

Hand Weapons
 a - a +0 falchion
 b - a +4 long sword (weapon)
 d - a +0 hunting sling
 s - the +3 war axe "Dioxol" {vamp, rElec rPois SInv}
   (You found it on level 4 of the Dungeon)

   It inflicts no extra harm, but heals its wielder when it wounds a living foe.
   It insulates you from electricity.
   It protects you from poison.
   It lets you see invisible.
Missiles
 h - 173 stones
 l - 78 sling bullets
Armour
 c - a +0 pair of boots (worn)
 f - a scarf of shadows
 w - a +0 cloak (worn)
 z - the +1 plate armour of Forking Paths (worn) {rPois Will+}
   (You took it off an orc warrior on level 6 of the Dungeon)

   It protects you from poison.
   It affects your willpower, your defense against some magical effects.
 A - +0 steam dragon scales
Jewellery
 j - an uncursed ring of stealth
 m - an uncursed ring of protection from fire
 x - the amulet "Plog" (around neck) {Reflect rPois Will+ SH+5}
   (You acquired it on level 7 of the Dungeon)

   [amulet of reflection]

   It shields you and reflects attacks.
   It protects you from poison.
   It affects your willpower, your defense against some magical effects.
   It affects your SH (+5).
 y - a +4 ring of evasion (right hand)
 C - an uncursed ring of ice
 D - a +6 ring of strength
 E - the ring "Niampof" (left hand) {rPois rN+ Will+ Int+4 Dex+2}
   (You took it off a kobold in a bailey)

   [ring of willpower]

   It affects your intelligence (+4).
   It affects your dexterity (+2).
   It protects you from poison.
   It protects you from negative energy.
   It affects your willpower, your defense against some magical effects.
 H - an uncursed ring of poison resistance
Wands
 r - a wand of random effects (7)
 t - a wand of acid (10)
 v - a wand of flame (6)
 I - a wand of enslavement (10)
Scrolls
 e - 4 scrolls of teleportation
 i - 4 scrolls of remove curse
 n - 2 scrolls of enchant weapon
 o - a scroll of fog
 q - 3 scrolls of enchant armour
 F - a scroll of noise {unknown}
 G - a scroll of blinking
Potions
 g - 5 potions of flight
 k - 6 potions of curing
 p - a potion of haste
 u - a potion of might
 B - a potion of heal wounds {unknown}
Miscellaneous
 J - a lightning rod (4/4)


   Skills:
 + Level 9.9 Fighting
 + Level 11.6 Long Blades
 + Level 7.8 Slings
 + Level 8.3 Armour
 + Level 6.5 Dodging
 - Level 1.8 Stealth
 + Level 2.8 Shields


You had 10 spell levels left.
You didn't know any spells.
Your spell library was empty.

Dungeon Overview and Level Annotations

Branches:
Dungeon (9/15)             Temple (0/1) D:5          Bailey (visited)
   Lair: D:8-11         Orc: D:9-12

Altars:
Ashenzari
Cheibriados
Dithmenos
Fedhas
Gozag
Makhleb
Okawaru
Sif Muna
Trog
Vehumet
Wu Jian
Xom
Beogh

Shops:
D:7 *   D:8 [


Innate Abilities, Weirdness & Mutations

You can be seen from farther away. (+LOS)
You can swim through water.
You cover ground slowly.
You can hop short distances.


Message History

Unknown command.
A red film seems to cover your vision as you go berserk!
You feel yourself moving faster!
You feel mighty!
The white ugly thing tentacle-slaps you!
* * * LOW HITPOINT WARNING * * *
The white ugly thing freezes you!!
* * * LOW HITPOINT WARNING * * *
You slash the white ugly thing!
The white ugly thing is heavily wounded.
You slash the white ugly thing!
The white ugly thing is severely wounded.
You block the white ugly thing's attack.
You barely miss the white ugly thing.
The white ugly thing is severely wounded.
You closely miss the white ugly thing.
The white ugly thing is severely wounded.
The white ugly thing tentacle-slaps you.
* * * LOW HITPOINT WARNING * * *
The white ugly thing freezes you!
You die...

#..####. .##..(. #. .####...#
##..#.##.# ... #.##.#....#
#####.)..#.# #(# #.#......##
.....##.##[# ##.## #Z##.##.##
.........######...### ##..##.#
####.##...##....(...$##...##.#
#.#....)####...####....##.#
#.#.#.#..#.##u##.#....###[#
#.#.#.##†....@#.......# #.#
#.#.#.....y##.##.###..# #.#
#.###.....###..# #..# #.# #.#
#.###..#...###..###.#
###.###.####.....[........#
#........##.)#######).#####
#.#.###..##.## #>.#
.#....##..##†########..#
#<#.....................#


You could see a white ugly thing and a vampire mosquito.

Vanquished Creatures
  2 two-headed ogres (D:9)
  The ghost of Elleran the Cleaver, a novice MiFi of Okawaru (D:6)
  Pikel (D:6)
  Joseph (D:7)
  Maggie (D:7)
  A hornet (D:9)
  Sigmund (D:3)
  4 yaks (D:9)
  Duvessa (D:7)
  12 orc warriors
  5 ogres
  4 centaurs
  2 lemures
  Blork the orc (D:5)
  4 bullfrogs
  A wyvern zombie (D:8)
  Dowan (D:7)
  3 scorpions
  3 killer bees (D:8)
  4 howler monkeys
  4 bullfrog zombies
  A centaur zombie (D:4)
  11 hounds
  5 jellies
  4 orc priests
  Crazy Yiuf (D:5)
  A bullfrog skeleton (D:8)
  2 centaur skeletons (D:8)
  A gnoll shaman (D:7)
  3 iguanas
  5 orc wizards
  Natasha (thrice) (D:3)
  7 worker ants
  A hound zombie (D:7)
  A howler monkey zombie (D:9)
  3 worker ant zombies (D:4)
  4 gnolls
  10 adders
  2 white imps
  4 ufetubi
  3 adder zombies
  2 adder skeletons
  2 worms
  4 dart slugs
  6 leopard geckos
  45 orcs
  A ball python (D:4)
  12 giant cockroaches
  14 goblins
  16 hobgoblins
  15 jackals
  24 kobolds
  3 quokkas
  A ball python skeleton (D:4)
  9 bats
  8 frilled lizards
  A jackal zombie (D:4)
  2 quokka zombies
  6 rats
300 creatures vanquished.

Vanquished Creatures (others)
  A withered plant (D:4)
1 creature vanquished.

Grand Total: 301 creatures vanquished

Notes
Turn   | Place    | Note
-------+----------+-------------------------------------------
     0 | D:1      | Almogavar the Barachi Berserker began the quest for the
                  | Orb.
     0 | D:1      | Reached XP level 1. HP: 18/18 MP: 1/1
    85 | D:1      | You fall into a shaft and drop 1 floor!
   125 | D:1      | Reached XP level 2. HP: 19/25 MP: 2/2
   195 | D:1      | Reached skill level 4 in Long Blades
   839 | D:1      | Reached ** piety under Trog
   840 | D:1      | Reached XP level 3. HP: 30/30 MP: 3/3
  1666 | D:2      | Reached XP level 4. HP: 31/37 MP: 4/4
  1930 | D:2      | Reached skill level 5 in Long Blades
  2096 | D:2      | Found a blossoming altar of Fedhas.
  2110 | D:2      | Found an iron altar of Okawaru.
  2145 | D:3      | Reached skill level 1 in Stealth
  2583 | D:3      | Reached XP level 5. HP: 42/42 MP: 5/5
  2694 | D:3      | Reached skill level 1 in Slings
  2801 | D:3      | Reached *** piety under Trog
  2914 | D:3      | Noticed Natasha
  2917 | D:3      | Killed Natasha
  3056 | D:3      | Noticed Natasha
  3066 | D:3      | Killed Natasha
  3151 | D:3      | Noticed Natasha
  3158 | D:3      | Killed Natasha
  3503 | D:3      | Noticed Sigmund
  3512 | D:3      | Killed Sigmund
  3513 | D:3      | Reached XP level 6. HP: 50/50 MP: 6/6
  3682 | D:4      | Reached skill level 5 in Fighting
  3795 | D:4      | Reached XP level 7. HP: 36/56 MP: 7/7
  4377 | D:4      | Got a masterwork war axe
  4378 | D:4      | Identified the +3 war axe "Dioxol" {vamp, rElec rPois SInv}
                  | (You found it on level 4 of the Dungeon)
  4452 | D:4      | Reached skill level 6 in Long Blades
  5214 | D:4      | Reached XP level 8. HP: 64/64 MP: 8/8
  5307 | D:5      | Entered Level 5 of the Dungeon
  5363 | D:5      | Noticed Blork the orc
  5372 | D:5      | Killed Blork the orc
  5516 | D:5      | Found a staircase to the Ecumenical Temple.
  6037 | D:5      | Found a radiant altar of Vehumet.
  6255 | D:5      | Found a runed translucent door.
  6256 | D:5      | Noticed Crazy Yiuf
  6554 | D:5      | Killed Crazy Yiuf
  6655 | D:6      | Noticed Pikel
  6932 | D:6      | Killed Pikel
  6933 | D:6      | Reached skill level 7 in Long Blades
  6933 | D:6      | Reached skill level 5 in Slings
  6933 | D:6      | Reached skill level 5 in Armour
  6933 | D:6      | Reached skill level 5 in Dodging
  6936 | D:6      | Reached XP level 9. HP: 35/72 MP: 9/9
  8767 | D:7      | Reached skill level 8 in Long Blades
  8781 | D:7      | Noticed Maggie
  8796 | D:7      | Killed Maggie
  8881 | D:7      | Noticed Duvessa
  8894 | D:7      | Killed Duvessa
  8922 | D:7      | Noticed Dowan
  8933 | D:7      | Killed Dowan
  9148 | D:7      | Found Zecs's General Store.
  9174 | D:7      | Identified the cursed +1 plate armour of Forking Paths
                  | {rPois Will+}
  9181 | D:7      | Found a runed translucent gate.
  9197 | D:7      | Found a runed translucent gate.
  9197 | D:7      | Found a roughly hewn altar of Beogh.
  9197 | D:7      | Found a runed translucent gate.
  9198 | D:7      | Noticed Elleran's ghost (novice MiFi)
  9253 | D:7      | Noticed Joseph
  9266 | D:7      | Killed Joseph
  9267 | D:7      | Reached skill level 9 in Long Blades
  9267 | D:7      | Reached XP level 10. HP: 82/82 MP: 10/10
  9284 | D:7      | Identified a scroll of acquirement
  9285 | D:7      | Acquired the amulet "Plog" {Reflect rPois Will+ SH+5}
 10185 | D:7      | Reached **** piety under Trog
 10222 | D:7      | HP: 3/82 [orc priest/divine providence (13)]
 10529 | D:6      | Killed Elleran's ghost
 10645 | D:8      | Found Gillanoh's Armour Shop.
 10645 | D:8      | Found a shimmering altar of Xom.
 10645 | D:8      | Found an opulent altar of Gozag.
 10645 | D:8      | Found a broken altar of Ashenzari.
 10645 | D:8      | Found a shadowy altar of Dithmenos.
 10645 | D:8      | Found an ornate altar of the Wu Jian Council.
 10645 | D:8      | Found a shimmering blue altar of Sif Muna.
 10645 | D:8      | Found a burning altar of Makhleb.
 10645 | D:8      | Found a snail-covered altar of Cheibriados.
 10886 | D:8      | Reached skill level 1 in Shields
 11081 | D:8      | Found a flagged portal.
 11097 | D:8      | Reached skill level 10 in Long Blades
 11101 | Bailey   | Entered a bailey
 11274 | Bailey   | Identified the ring "Niampof" {rPois rN+ Will+ Int+4 Dex+2}
 11777 | D:8      | Reached ***** piety under Trog
 11790 | D:8      | Found a bloodstained altar of Trog.
 11993 | D:9      | Noticed a two-headed ogre
 12003 | D:9      | Killed a two-headed ogre
 12004 | D:9      | Reached skill level 11 in Long Blades
 12004 | D:9      | Reached XP level 11. HP: 89/89 MP: 11/11
 12123 | D:9      | Noticed a two-headed ogre
 12184 | D:9      | Found a roughly hewn altar of Beogh.
 12909 | D:9      | Killed a two-headed ogre
 13050 | D:9      | Noticed a white ugly thing
 13068 | D:9      | Mangled by a white ugly thing

Illustrated notes

Levels and vault maps discovered:
D:1:      dpeg_arrival_rooms_c, layout_basic, roderic_serpentine_path,
          minmay_heptomino_o4
D:2:      layout_basic, grunt_temple_overflow_holy_war, minitemple
D:3:      layout_basic, kennysheep_generic_room_5, uniq_natasha, uniq_sigmund
D:4:      layout_cave_pools, serial_undead, serial_undead_e, serial_undead_e,
          serial_undead_a, serial_undead_c, serial_undead_b, serial_undead_e,
          serial_undead_a, kennysheep_generic_room_11
D:5:      layout_loops_cross, vehumet_altar_wand_db,
          minmay_temple_entry_large_hall, minmay_misc_feat_tiny,
          uniq_crazy_yiuf_cottage, uniq_blork_the_orc
D:6:      layout_gridville, uniq_pikel
D:7:      layout_loops_corners, serial_shops, nicolae_shop_behind_doors,
          biasface_ghost_orc_armoury, uniq_duvessa, uniq_joseph, uniq_maggie
D:8:      layout_basic, kennysheep_mini, grunt_temple_overflow_open,
          enter_bailey_2, serial_shops, shop
D:9:      layout_loops_ring, nicolae_qazlal_eye_of_the_storm, special_room
          [special_room_orc], minmay_fractal_squares_gapless_7

Skill      XL: |  1  2  3  4  5  6  7  8  9 10 11 |
---------------+----------------------------------+-----
Long Blades    | 4 5 6 7 9 11 | 11.6
Fighting       | 4 5 6 7 8 9 |  9.9
Stealth        | 1 |  1.8
Dodging        | 3 4 5 6 |  6.5
Slings         | 3 4 5 7 |  7.8
Armour         | 4 5 7 8 |  8.3
Shields        | 2 |  2.8

Action                   |  1- 3 |  4- 6 |  7- 9 | 10-12 || total
-------------------------+-------+-------+-------+-------++-------
Melee: Falchion          |    90 |   171 |   362 |   115 ||   738
       Long sword        |       |       |       |   297 ||   297
 Fire: Hunting sling     |       |    99 |   179 |    39 ||   317
Invok: Berserk           |       |     1 |     9 |     7 ||    17
       Trog's Hand       |       |       |     2 |     1 ||     3
  Use: Scroll            |     3 |     4 |     9 |     4 ||    20
       Potion            |       |       |       |     1 ||     1
 Stab: Sleeping          |     1 |       |     3 |     1 ||     5
Armor: Animal skin       |    20 |    56 |     5 |       ||    81
       Ring mail         |       |       |   107 |       ||   107
       Steam dragon scal |       |       |    15 |     1 ||    16
       Plate armour      |       |       |       |   143 ||   143
Dodge: Dodged            |    75 |   166 |   325 |   251 ||   817
Block: Other             |       |       |       |    91 ||    91
       Reflection        |       |       |       |     9 ||     9
       Rpst.: Falchion   |    16 |    36 |    82 |    26 ||   160
       Long sword        |       |       |       |    44 ||    44
